 Dungeon Crawl Stone Soup version 0.19.1 (console) character file.

6617 Kloppie the Impaler (level 11, -15/124 HPs)
             Began as a Merfolk Berserker on Dec 1, 2016.
             Was an Elder of Trog.
             Demolished by Grum
             ... wielding a +1 spear
              (16 damage)
             ... on level 9 of the Dungeon.
             The game lasted 00:11:05 (7868 turns).

Kloppie the Impaler (Merfolk Berserker)             Turns: 7868, Time: 00:11:06

Health: -15/124    AC:  7    Str: 24    XL:     11   Next: 2%
Magic:  11/11      EV: 18    Int:  6    God:    Trog [****..]
Gold:   484        SH:  0    Dex: 16    Spells: 0 memorised, 10 levels left

rFire  . . .     SeeInvis .     b - +1 glaive
rCold  + . .     Gourm    .     v - +0 ring mail {rC+}
rNeg   . . .     Faith    .     (shield currently unavailable)
rPois  .         Spirit   .     h - +1 helmet
rElec  .         Reflect  .     (no cloak)
rCorr  .         Harm     .     (no gloves)
MR     .....                    (no boots)
Stlth  ..........               (no amulet)
                                (no ring)
                                (no ring)

@: berserking, very quick
A: change form in water, swift swim, stealthy swim
a: Berserk, Trog's Hand, Brothers in Arms, Burn Spellbooks, Renounce Religion


You were on level 9 of the Dungeon.
You worshipped Trog.
Trog was greatly pleased with you.
You were hungry.

You visited 1 branch of the dungeon, and saw 9 of its levels.

You collected 484 gold pieces.

Inventory:

Hand Weapons
 a - a +0 trident
 b - a +1 glaive (weapon)
Armour
 h - a +1 helmet (worn)
 v - a +0 ring mail of cold resistance (worn)
Jewellery
 w - an uncursed ring of fire
Wands
 o - a wand of enslavement (17/24)
 r - a wand of hasting (4/9)
Scrolls
 g - 2 scrolls of teleportation
 j - 2 scrolls of remove curse
 q - a scroll of magic mapping
 s - 2 scrolls of fear
 y - a scroll of enchant weapon
Potions
 d - 2 potions of flight
 e - 2 potions of haste {unknown}
 f - a potion of cure mutation
 i - 4 potions of heal wounds {unknown}
 k - 2 potions of brilliance {unknown}
 l - a potion of agility
 n - 4 potions of curing {unknown}
 t - 3 potions of might
 B - a potion of resistance
 G - 2 potions of invisibility
Books
 x - a book of Maledictions

   Spells                             Type                      Level
   a - Corona                         Hexes                        1
   b - Ensorcelled Hibernation        Hexes/Ice                    2
   c - Confuse                        Hexes                        3
   d - Tukima's Dance                 Hexes                        3
   e - Dazzling Spray                 Conjuration/Hexes            3
   Trog disapproves of the use of such an item.
 A - a book of Cantrips

   Spells                             Type                      Level
   a - Confusing Touch                Hexes                        1
   b - Animate Skeleton               Necromancy                   1
   c - Summon Small Mammal            Summoning                    1
   d - Apportation                    Translocation                1
   Trog disapproves of the use of such an item.
Comestibles
 c - 2 bread rations
 m - 4 beef jerkies
 p - a slice of pizza
 z - a meat ration
 F - 7 fruits


   Skills:
 - Level 6.8 Fighting
 * Level 18.3 Polearms
 - Level 1.3 Armour
 - Level 9.6 Dodging


You had 10 spell levels left.
You didn't know any spells.

Dungeon Overview and Level Annotations

Branches:
Dungeon (9/15)             Temple (0/1) D:7
   Lair: D:8-11         Orc: D:9-12

Altars:
Dithmenos
Gozag
Ru
Trog

Shops:
D:7 }   D:8 (

Annotations:
D:9 Grum


Message History

* * * LOW HITPOINT WARNING * * *
Grum hits you from afar with an enchanted spear!!
* * * LOW HITPOINT WARNING * * *
You miss the wolf. The wolf barely misses you.
Grum hits you from afar with an enchanted spear!!
* * * LOW HITPOINT WARNING * * *
You closely miss the wolf. The wolf misses you.
You hit the wolf.
The wolf is moderately wounded.
The wolf barely misses you.
Grum points his finger and shouts, "Duke!
Sic 'em!"
Grum misses you.
You slash the wolf!
The wolf is severely wounded.
The wolf closely misses you.
You slice the wolf!!
You kill the wolf!
Trog accepts your kill.
Grum hits you from afar with an enchanted spear!
You die...

#..........
#..........#
#..........#
##..........#
#...<.......########.
#.......)............
#...#######..........
#...'.....#..........
#...#.....'@.........
#...#.....###g.......
#...#.......#........
#...#.......#†.......
#...#########....####
#.... .....+ ####
.....# ......#
......#


You could see Grum.

Vanquished Creatures
  Erica (D:8)
  The ghost of Tyryt0 the Chopper, a novice GrFi of the Shining One (D:8)
  The ghost of Rrauwl the Basher, a novice DrFi (D:7)
  Joseph (D:8)
  Grinder (D:3)
  2 hippogriffs
  5 yaks
  Sigmund (D:3)
  Menkaure (D:5)
  Edmund (D:6)
  Duvessa (D:5)
  A water moccasin (D:5)
  2 orc warriors (D:8)
  2 ice beasts (D:7)
  A black bear (D:6)
  3 sky beasts
  A phantom (D:7)
  2 ogres
  2 wolves (D:9)
  A centaur (D:8)
  4 bullfrogs
  Dowan (D:5)
  2 scorpions
  6 killer bees (D:7)
  3 crimson imps
  A bullfrog zombie (D:6)
  3 hounds
  3 orc priests (D:8)
  2 orc wizards
  2 bullfrog skeletons
  Jessica (D:2)
  An iguana (D:5)
  Natasha (thrice) (D:3)
  2 worker ants (D:7)
  A hound skeleton (D:6)
  Robin (D:4)
  9 gnolls
  2 howler monkey skeletons
  13 adders
  A shadow imp (D:6)
  2 oozes
  An adder skeleton (D:5)
  5 worms
  4 dart slugs
  5 leopard geckos
  11 orcs
  A ball python (D:6)
  4 giant cockroaches
  15 goblins
  6 hobgoblins
  3 jackals (D:1)
  3 quokkas
  6 bats
  7 frilled lizards
  2 jackal skeletons
  3 kobolds
  A leopard gecko skeleton (D:6)
  3 rats
174 creatures vanquished.

Notes
Turn   | Place    | Note
-------+----------+-------------------------------------------
     0 | D:1      | Kloppie the Merfolk Berserker began the quest for the Orb.
     0 | D:1      | Reached XP level 1. HP: 18/18 MP: 1/1
   204 | D:1      | Reached XP level 2. HP: 18/24 MP: 2/2
   488 | D:1      | Reached skill level 5 in Polearms
   522 | D:1      | Reached XP level 3. HP: 20/30 MP: 3/3
   913 | D:2      | Reached ** piety under Trog
  1072 | D:2      | Reached skill level 6 in Polearms
  1072 | D:2      | Reached XP level 4. HP: 26/37 MP: 4/4
  1081 | D:2      | Found a faded altar of an unknown god.
  1337 | D:2      | Noticed Jessica
  1341 | D:2      | Killed Jessica
  1591 | D:2      | Reached XP level 5. HP: 43/43 MP: 5/5
  1988 | D:2      | Reached skill level 7 in Polearms
  2169 | D:3      | Noticed Natasha
  2174 | D:3      | Killed Natasha
  2292 | D:3      | Noticed Natasha
  2298 | D:3      | Noticed Grinder
  2300 | D:3      | Killed Natasha
  2300 | D:3      | Reached skill level 5 in Fighting
  2306 | D:3      | Killed Grinder
  2306 | D:3      | Reached skill level 9 in Polearms
  2306 | D:3      | Reached XP level 6. HP: 51/51 MP: 6/6
  2311 | D:3      | Reached *** piety under Trog
  2468 | D:3      | Noticed Natasha
  2478 | D:3      | Killed Natasha
  2478 | D:3      | Reached XP level 7. HP: 44/56 MP: 7/7
  2589 | D:3      | Noticed Sigmund
  2604 | D:3      | Killed Sigmund
  2604 | D:3      | Reached skill level 10 in Polearms
  3070 | D:4      | Found a shadowy altar of Dithmenos.
  3244 | D:4      | Noticed Robin
  3291 | D:4      | Killed Robin
  3497 | D:5      | Entered Level 5 of the Dungeon
  3549 | D:5      | Noticed Menkaure
  3554 | D:5      | Killed Menkaure
  3561 | D:5      | Reached skill level 11 in Polearms
  3561 | D:5      | Reached XP level 8. HP: 65/65 MP: 8/8
  4157 | D:5      | Found a sacrificial altar of Ru.
  4172 | D:5      | Noticed Duvessa
  4173 | D:5      | Noticed Dowan
  4182 | D:5      | Killed Duvessa
  4182 | D:5      | Reached skill level 12 in Polearms
  4197 | D:5      | Killed Dowan
  4401 | D:6      | Reached **** piety under Trog
  4727 | D:6      | Noticed Edmund
  4748 | D:6      | Killed Edmund
  4748 | D:6      | Reached skill level 13 in Polearms
  4748 | D:6      | Reached XP level 9. HP: 47/71 MP: 9/9
  4964 | D:6      | Reached skill level 5 in Dodging
  5312 | D:6      | Found an opulent altar of Gozag.
  5514 | D:7      | Found Jaror's Gadget Shop.
  5563 | D:7      | Noticed Rrauwl's ghost (novice DrFi)
  5574 | D:7      | Killed Rrauwl's ghost
  5574 | D:7      | Reached skill level 14 in Polearms
  5762 | D:7      | Reached skill level 15 in Polearms
  6229 | D:7      | Found a staircase to the Ecumenical Temple.
  6516 | D:7      | Reached XP level 10. HP: 64/77 MP: 10/10
  6734 | D:8      | Reached skill level 16 in Polearms
  6742 | D:8      | Noticed Tyryt0's ghost (novice GrFi)
  6750 | D:8      | Killed Tyryt0's ghost
  6905 | D:8      | Noticed Joseph
  6912 | D:8      | Killed Joseph
  7129 | D:8      | Noticed Erica
  7137 | D:8      | Killed Erica
  7137 | D:8      | Reached skill level 17 in Polearms
  7269 | D:8      | Found Qeulaf's Weapon Boutique.
  7335 | D:8      | Found a bloodstained altar of Trog.
  7619 | D:8      | Reached skill level 18 in Polearms
  7852 | D:9      | Noticed Grum
  7856 | D:9      | Reached XP level 11. HP: 64/83 MP: 11/11
  7864 | D:9      | HP: 1/124 [Grum/enchanted spear (18)]
  7868 | D:9      | Demolished by Grum

Skill      XL: |  1  2  3  4  5  6  7  8  9 10 |
---------------+-------------------------------+-----
Polearms       | 5 6 9 11 13 15 18 | 18.3
Fighting       | 4 5 6 |  6.8
Dodging        | 4 7 9 |  9.6
Armour         | |  1.3

Action                   |  1- 3 |  4- 6 |  7- 9 | 10-12 || total
-------------------------+-------+-------+-------+-------++-------
Melee: Spear             |    75 |   130 |   323 |       ||   528
       Glaive            |       |       |    85 |   138 ||   223
Invok: Berserk           |     3 |     3 |     9 |     4 ||    19
       Trog's Hand       |       |       |     1 |     1 ||     2
  Use: Scroll            |       |       |    19 |       ||    19
 Stab: Sleeping          |     2 |     2 |     3 |       ||     7
  Eat: Chunk             |     3 |     8 |    20 |     7 ||    38
       Royal jelly       |       |       |       |     1 ||     1
Armor: Animal skin       |     5 |    13 |     7 |       ||    25
       Robe              |       |       |    22 |     2 ||    24
       Ring mail         |       |       |       |    18 ||    18
Dodge: Dodged            |    31 |    62 |   161 |    80 ||   334
